[ PARTIDA AOE2 · #481500280 ]
Team RMWei vs Khmer
[ ANÁLISIS DE REPETICIÓN · EXTRAÍDO DE LA PARTIDA GRABADA ]
Feudal
11:48
Castillos
24:11
Imperial
—
| APM promedio | 11.1 |
| APM pico | 35 |
| eAPM promedio | 7.3 |
| Aldeanos / militares | 51 / 11 |
Foco
⚔️ 19.3% · 🌾 80.7%
Skirmisher ×7 · Trade Cart ×4 · Spearman ×4
Feudal
12:32
Castillos
22:10
Imperial
—
| APM promedio | 11.9 |
| APM pico | 35 |
| eAPM promedio | 8.1 |
| Aldeanos / militares | 46 / 4 |
Foco
⚔️ 18.9% · 🌾 81.1%
Trade Cart ×4 · Militia ×2 · Spearman ×2
Feudal
10:58
Castillos
21:04
Imperial
—
| APM promedio | 11.5 |
| APM pico | 36 |
| eAPM promedio | 6.0 |
| Aldeanos / militares | 25 / 8 |
Foco
⚔️ 20.2% · 🌾 79.8%
Camel Scout ×8
Feudal
9:11
Castillos
—
Imperial
—
| APM promedio | 17.5 |
| APM pico | 49 |
| eAPM promedio | 11.2 |
| Aldeanos / militares | 47 / 21 |
Foco
⚔️ 26.8% · 🌾 73.2%
Militia ×15 · Battering Ram ×6
Feudal
11:01
Castillos
15:48
Imperial
—
| APM promedio | 15.4 |
| APM pico | 28 |
| eAPM promedio | 9.4 |
| Aldeanos / militares | 58 / 2 |
Foco
⚔️ 2.9% · 🌾 97.1%
Battering Ram ×1 · Monk ×1
Feudal
12:12
Castillos
16:09
Imperial
—
| APM promedio | 10.1 |
| APM pico | 29 |
| eAPM promedio | 8.9 |
| Aldeanos / militares | 73 / 15 |
Foco
⚔️ 17.1% · 🌾 82.9%
Spearman ×9 · Archer ×4 · Trade Cart ×2 · Monk ×2
Mapa de la partida
Recursos iniciales + cada clic de construcción. Líneas = muros · curvas = relieve. ◆ oro · ⬟ piedra · ● bayas · ✦ reliquia · ◌ hueco del cierre
Tu base· ✓ Cerrada en 24:11 · 0t muro · 3 puerta(s)
Base de pdaniel87· ✓ Cerrada en 22:10 · 6t muro · 3 puerta(s)
Base de ethanjohnson.kw· ✓ Cerrada en 21:04 · 34t muro · 2 puerta(s)
Base de Anker'Star· ✓ Cerrada en 25:48 · 0t muro · 2 puerta(s)
Base de Fish· ✓ Cerrada en 15:48 · 0t muro · 3 puerta(s)
Base de Monfoe· ✓ Cerrada en 16:09 · 0t muro · 2 puerta(s)
Terreno inicial suavizado · ◌ = hueco del cierre detectado · pasá el cursor para detalles
Inputs por minuto
— DrLegend - - pdaniel87
Build order — DrLegend
129 acciones detectadas en el replay
| 0:01 | Crear | Villager (Male) |
| 0:02 | Crear | Villager (Male) |
| 0:02 | Crear | Villager (Male) |
| 0:02 | Crear | Villager (Male) |
| 0:02 | Crear | Villager (Male) |
| 0:03 | Construir | House |
| 0:05 | Construir | House |
| 1:59 | Crear | Villager (Male) |
| 2:32 | Crear | Villager (Male) |
| 2:32 | Crear | Villager (Male) |
| 3:01 | Construir | Mill |
| 3:21 | Crear | Villager (Male) |
| 3:50 | Crear | Villager (Male) |
| 3:50 | Crear | Villager (Male) |
| 3:57 | Construir | Lumber Camp |
| 4:18 | Crear | Villager (Male) |
| 4:24 | Construir | House |
| 4:43 | Crear | Villager (Male) |
| 5:13 | Construir | House |
| 5:50 | Crear | Villager (Male) |
| 5:51 | Crear | Villager (Male) |
| 5:57 | Construir | House |
| 6:04 | Crear | Villager (Male) |
| 6:35 | Crear | Villager (Male) |
| 6:39 | Construir | House |
| 7:13 | Construir | Farm |
| 7:20 | Construir | House |
| 8:03 | Crear | Villager (Male) |
| 8:04 | Crear | Villager (Male) |
| 8:12 | Construir | House |
| 8:44 | Construir | House |
| 9:05 | Crear | Villager (Male) |
| 9:05 | Crear | Villager (Male) |
| 9:06 | Crear | Villager (Male) |
| 9:06 | Crear | Villager (Male) |
| 9:28 | Construir | Farm |
| 9:29 | Construir | Farm |
| 9:38 | Investigar | Feudal Age |
| 9:39 | Investigar | Feudal Age |
| 10:01 | Construir | House |
| 10:02 | Construir | House |
| 10:04 | Construir | House |
| 10:05 | Construir | House |
| 10:06 | Construir | House |
| 10:08 | Construir | House |
| 10:09 | Construir | House |
| 11:06 | Construir | Farm |
| 11:07 | Construir | Farm |
| 11:12 | Construir | Farm |
| 11:21 | Crear | Villager (Male) |
| 11:21 | Crear | Villager (Male) |
| 11:22 | Crear | Villager (Male) |
| 11:45 | Crear | Villager (Male) |
| 11:46 | Crear | Villager (Male) |
| 11:46 | Crear | Villager (Male) |
| 11:46 | Crear | Villager (Male) |
| 11:47 | Crear | Villager (Male) |
| 11:48 | Edad | Edad Feudal |
| 12:02 | Investigar | Double-Bit Axe |
| 12:06 | Investigar | Horse Collar |
| 12:28 | Construir | Farm |
| 12:44 | Construir | Farm |
| 13:05 | Construir | Farm |
| 13:36 | Investigar | Wheelbarrow |
| 13:50 | Crear | Villager (Male) |
| 13:51 | Crear | Villager (Male) |
| 14:23 | Crear | Villager (Male) |
| 14:23 | Crear | Villager (Male) |
| 14:32 | Crear | Villager (Male) |
| 14:32 | Crear | Villager (Male) |
| 14:49 | Construir | Blacksmith |
| 14:53 | Construir | Market |
| 14:57 | Construir | Farm |
| 15:12 | Crear | Villager (Male) |
| 15:25 | Construir | Farm |
| 15:49 | Construir | Mining Camp |
| 15:57 | Crear | Villager (Male) |
| 15:58 | Crear | Villager (Male) |
| 16:08 | Investigar | Fletching |
| 16:16 | Investigar | Padded Archer Armor |
| 16:23 | Construir | Farm |
| 16:27 | Crear | Villager (Male) |
| 16:27 | Crear | Villager (Male) |
| 16:52 | Construir | Barracks |
| 16:57 | Crear | Villager (Male) |
| 16:57 | Crear | Villager (Male) |
| 16:57 | Crear | Villager (Male) |
| 17:35 | Construir | Farm |
| 17:49 | Investigar | Town Watch |
| 18:27 | Construir | Watch Tower |
| 18:37 | Construir | Farm |
| 18:52 | Construir | Archery Range |
| 19:06 | Investigar | Gold Mining |
| 19:06 | Investigar | Stone Mining |
| 19:29 | Crear | Trade Cart |
| 19:31 | Crear | Trade Cart |
| 19:31 | Crear | Trade Cart |
| 19:34 | Construir | Mining Camp |
| 19:38 | Crear | Villager (Male) |
| 20:28 | Construir | Stable |
| 20:46 | Crear | Skirmisher |
| 20:55 | Crear | Skirmisher |
| 20:58 | Crear | Skirmisher |
| 21:31 | Investigar | Castle Age |
| 21:31 | Investigar | Castle Age |
| 22:02 | Crear | Trade Cart |
| 22:44 | Crear | Spearman |
| 22:45 | Crear | Spearman |
| 22:48 | Crear | Skirmisher |
| 22:48 | Crear | Skirmisher |
| 23:37 | Crear | Spearman |
| 23:37 | Crear | Spearman |
| 23:42 | Crear | Skirmisher |
| 23:42 | Crear | Skirmisher |
| 24:11 | Edad | Edad de los Castillos |
| 24:14 | Investigar | Hand Cart |
| 24:17 | Investigar | Heavy Plow |
| 24:25 | Investigar | Leather Archer Armor |
| 24:33 | Crear | Villager (Male) |
| 24:33 | Crear | Villager (Male) |
| 24:59 | Crear | Villager (Male) |
| 24:59 | Crear | Villager (Male) |
| 24:59 | Crear | Villager (Male) |
| 25:27 | Construir | Archery Range |
| 25:28 | Construir | Archery Range |
| 25:34 | Construir | Mining Camp |
| 25:38 | Investigar | Caravan |
| 26:01 | Construir | Monastery |
| 26:40 | Construir | Barracks |
Build order — pdaniel87
103 acciones detectadas en el replay
| 0:36 | Investigar | Loom |
| 0:37 | Crear | Villager (Male) ×4 |
| 1:01 | Construir | House |
| 1:03 | Construir | House |
| 1:25 | Construir | Mill |
| 1:42 | Construir | House |
| 1:44 | Construir | House |
| 2:47 | Crear | Villager (Male) |
| 3:20 | Crear | Villager (Male) |
| 3:44 | Crear | Villager (Male) |
| 4:30 | Crear | Villager (Male) ×2 |
| 5:00 | Crear | Villager (Male) |
| 5:08 | Crear | Villager (Male) |
| 6:07 | Construir | Lumber Camp |
| 6:37 | Crear | Villager (Male) ×4 |
| 7:42 | Crear | Villager (Male) ×4 |
| 7:49 | Crear | Villager (Male) |
| 9:50 | Investigar | Feudal Age |
| 12:14 | Construir | House |
| 12:16 | Construir | House |
| 12:17 | Construir | House |
| 12:21 | Construir | House |
| 12:32 | Edad | Edad Feudal |
| 12:36 | Investigar | Town Watch |
| 12:37 | Investigar | Wheelbarrow |
| 12:39 | Investigar | Double-Bit Axe |
| 12:41 | Investigar | Horse Collar |
| 12:45 | Crear | Villager (Male) ×5 |
| 13:08 | Construir | Mining Camp |
| 13:46 | Construir | Farm |
| 13:49 | Construir | Farm |
| 13:51 | Construir | Farm |
| 13:53 | Construir | Farm |
| 13:55 | Construir | Farm |
| 13:57 | Construir | Farm |
| 14:21 | Construir | Farm |
| 14:43 | Crear | Villager (Male) ×4 |
| 14:59 | Construir | Stone Wall |
| 15:01 | Construir | Outpost |
| 15:20 | Construir | Market |
| 15:28 | Construir | Gate |
| 15:33 | Construir | Blacksmith |
| 15:44 | Construir | Farm |
| 15:58 | Construir | Farm |
| 16:07 | Construir | Farm |
| 16:09 | Construir | Farm |
| 16:32 | Crear | Trade Cart |
| 17:22 | Construir | Stone Wall |
| 17:25 | Construir | Outpost |
| 17:36 | Construir | Farm |
| 17:38 | Construir | Farm |
| 17:42 | Construir | Farm |
| 17:43 | Construir | Farm |
| 17:45 | Construir | Farm |
| 17:47 | Construir | Farm |
| 17:52 | Crear | Villager (Male) |
| 17:53 | Crear | Villager (Male) |
| 18:06 | Construir | Barracks |
| 18:27 | Construir | Stone Wall |
| 18:41 | Construir | Mining Camp |
| 18:46 | Construir | Mining Camp |
| 19:05 | Crear | Villager (Male) |
| 19:06 | Crear | Villager (Male) |
| 19:26 | Investigar | Castle Age |
| 19:37 | Construir | Watch Tower |
| 20:14 | Construir | Mining Camp |
| 20:23 | Construir | Mining Camp |
| 20:50 | Construir | Outpost |
| 20:55 | Construir | Outpost |
| 21:17 | Investigar | Stone Mining |
| 21:26 | Construir | Barracks |
| 21:36 | Investigar | Gold Mining |
| 21:39 | Crear | Villager (Male) ×5 |
| 22:10 | Edad | Edad de los Castillos |
| 22:12 | Crear | Trade Cart ×3 |
| 22:28 | Construir | Town Center |
| 23:06 | Investigar | Squires |
| 23:08 | Investigar | Arson |
| 23:22 | Crear | Villager (Male) ×4 |
| 23:26 | Crear | Villager (Male) |
| 23:27 | Crear | Villager (Male) |
| 24:03 | Construir | Castle |
| 24:09 | Investigar | Stone Shaft Mining |
| 24:51 | Construir | Castle |
| 24:57 | Crear | Militia |
| 24:57 | Crear | Spearman |
| 24:58 | Crear | Militia |
| 24:58 | Crear | Spearman |
| 25:16 | Crear | Villager (Male) ×2 |
| 25:26 | Construir | House |
| 25:28 | Construir | House |
| 25:29 | Construir | House |
| 25:30 | Construir | House |
| 25:33 | Construir | House |
| 25:34 | Construir | House |
| 25:35 | Construir | House |
| 25:36 | Construir | House |
| 25:38 | Construir | House |
| 26:03 | Investigar | Pikeman (upgrade) |
| 26:04 | Investigar | Man-at-Arms (upgrade) |
| 26:37 | Construir | Siege Workshop |
| 27:03 | Investigar | Gambesons |
| 27:11 | Construir | Monastery |
Build order — ethanjohnson.kw
76 acciones detectadas en el replay
| 0:01 | Crear | Villager (Male) |
| 0:01 | Crear | Villager (Male) |
| 0:01 | Crear | Villager (Male) |
| 0:02 | Crear | Villager (Male) |
| 0:04 | Construir | House |
| 0:06 | Construir | House |
| 0:48 | Construir | Mill |
| 2:07 | Crear | Villager (Male) |
| 2:07 | Crear | Villager (Male) |
| 2:58 | Crear | Villager (Male) |
| 3:58 | Crear | Villager (Male) |
| 3:59 | Crear | Villager (Male) |
| 4:00 | Crear | Villager (Male) |
| 4:10 | Construir | House |
| 5:02 | Construir | Lumber Camp |
| 5:41 | Crear | Villager (Male) |
| 5:42 | Crear | Villager (Male) |
| 5:42 | Crear | Villager (Male) |
| 5:43 | Crear | Villager (Male) |
| 5:43 | Crear | Villager (Male) |
| 5:45 | Crear | Villager (Male) |
| 6:26 | Construir | Mining Camp |
| 7:39 | Construir | House |
| 8:48 | Investigar | Feudal Age |
| 10:19 | Construir | Mill |
| 10:31 | Crear | Villager (Male) |
| 10:32 | Crear | Villager (Male) |
| 10:32 | Crear | Villager (Male) |
| 10:33 | Crear | Villager (Male) |
| 10:58 | Edad | Edad Feudal |
| 11:13 | Construir | Market |
| 11:35 | Construir | House |
| 11:36 | Construir | House |
| 12:51 | Construir | Stone Wall |
| 13:09 | Construir | Mining Camp |
| 13:13 | Investigar | Wheelbarrow |
| 13:13 | Crear | Villager (Male) |
| 13:13 | Crear | Villager (Male) |
| 13:14 | Crear | Villager (Male) |
| 13:14 | Crear | Villager (Male) |
| 13:15 | Crear | Villager (Male) |
| 13:29 | Investigar | Double-Bit Axe |
| 13:44 | Construir | Blacksmith |
| 14:15 | Investigar | Town Watch |
| 14:27 | Construir | Farm |
| 14:29 | Investigar | Horse Collar |
| 15:16 | Construir | Farm |
| 15:30 | Construir | Barracks |
| 15:39 | Construir | Farm |
| 15:41 | Construir | Farm |
| 15:43 | Construir | Farm |
| 16:46 | Construir | Watch Tower |
| 17:21 | Construir | Stable |
| 17:26 | Construir | Stable |
| 18:24 | Investigar | Castle Age |
| 19:23 | Crear | Camel Scout |
| 19:23 | Crear | Camel Scout |
| 19:24 | Crear | Camel Scout |
| 19:32 | Construir | Farm |
| 19:35 | Construir | Farm |
| 19:43 | Construir | Farm |
| 19:45 | Construir | Farm |
| 21:04 | Edad | Edad de los Castillos |
| 21:22 | Investigar | Bloodlines |
| 21:23 | Crear | Camel Scout |
| 21:24 | Crear | Camel Scout |
| 21:24 | Crear | Camel Scout |
| 21:24 | Crear | Camel Scout |
| 21:24 | Crear | Camel Scout |
| 21:40 | Construir | Archery Range |
| 21:42 | Construir | Archery Range |
| 23:56 | Construir | Stone Wall |
| 25:25 | Construir | Town Center |
| 25:39 | Construir | Gate |
| 26:52 | Construir | Siege Workshop |
| 27:00 | Construir | Mining Camp |
Build order — Anker'Star
116 acciones detectadas en el replay
| 0:08 | Construir | House |
| 0:10 | Crear | Villager (Male) |
| 0:11 | Crear | Villager (Male) |
| 0:11 | Crear | Villager (Male) |
| 0:11 | Crear | Villager (Male) |
| 0:55 | Construir | House |
| 1:37 | Crear | Villager (Male) |
| 1:51 | Construir | Lumber Camp |
| 2:26 | Crear | Villager (Male) |
| 2:26 | Crear | Villager (Male) |
| 2:27 | Crear | Villager (Male) |
| 3:25 | Crear | Villager (Male) |
| 3:26 | Crear | Villager (Male) |
| 4:49 | Crear | Villager (Male) |
| 4:49 | Crear | Villager (Male) |
| 5:02 | Construir | Mill |
| 5:56 | Crear | Villager (Male) |
| 6:45 | Construir | House |
| 7:01 | Investigar | Feudal Age |
| 7:59 | Crear | Villager (Male) |
| 8:00 | Crear | Villager (Male) |
| 9:11 | Edad | Edad Feudal |
| 9:18 | Construir | Town Center |
| 9:42 | Construir | Mining Camp |
| 10:04 | Crear | Villager (Male) |
| 10:06 | Crear | Villager (Male) |
| 10:15 | Construir | House |
| 10:53 | Construir | Blacksmith |
| 11:07 | Crear | Villager (Male) |
| 11:07 | Crear | Villager (Male) |
| 11:44 | Investigar | Loom |
| 12:33 | Construir | Siege Workshop |
| 13:02 | Construir | Siege Workshop |
| 13:21 | Crear | Villager (Male) |
| 13:21 | Crear | Villager (Male) |
| 14:08 | Crear | Villager (Male) |
| 14:08 | Crear | Villager (Male) |
| 14:09 | Crear | Villager (Male) |
| 14:09 | Crear | Villager (Male) |
| 14:10 | Crear | Villager (Male) |
| 14:15 | Construir | Farm |
| 14:17 | Construir | Farm |
| 14:18 | Construir | Farm |
| 14:40 | Construir | Barracks |
| 14:49 | Crear | Villager (Male) |
| 14:49 | Crear | Villager (Male) |
| 14:49 | Crear | Villager (Male) |
| 14:54 | Crear | Villager (Male) |
| 14:56 | Crear | Villager (Male) |
| 14:57 | Crear | Villager (Male) |
| 14:57 | Crear | Villager (Male) |
| 15:21 | Crear | Villager (Male) |
| 15:21 | Crear | Villager (Male) |
| 15:25 | Crear | Villager (Male) |
| 15:25 | Crear | Villager (Male) |
| 15:27 | Crear | Battering Ram |
| 15:45 | Construir | House |
| 15:58 | Construir | Farm |
| 16:02 | Construir | Farm |
| 16:08 | Construir | Farm |
| 16:16 | Construir | House |
| 16:18 | Crear | Militia |
| 16:18 | Crear | Militia |
| 16:27 | Construir | House |
| 16:34 | Crear | Villager (Male) |
| 16:34 | Crear | Villager (Male) |
| 16:57 | Construir | Mining Camp |
| 17:01 | Crear | Militia |
| 17:09 | Crear | Villager (Male) |
| 17:09 | Crear | Villager (Male) |
| 17:10 | Crear | Villager (Male) |
| 17:36 | Crear | Battering Ram |
| 17:41 | Investigar | Man-at-Arms (upgrade) |
| 17:58 | Construir | Farm |
| 18:00 | Construir | Farm |
| 18:04 | Construir | Farm |
| 18:25 | Construir | House |
| 18:30 | Investigar | Forging |
| 18:40 | Construir | Farm |
| 18:42 | Construir | Farm |
| 18:54 | Crear | Villager (Male) |
| 18:57 | Investigar | Double-Bit Axe |
| 19:01 | Investigar | Horse Collar |
| 19:07 | Crear | Villager (Male) |
| 19:08 | Crear | Villager (Male) |
| 19:20 | Construir | Farm |
| 19:23 | Construir | Farm |
| 19:29 | Crear | Militia |
| 19:29 | Crear | Militia |
| 19:41 | Crear | Battering Ram |
| 19:57 | Crear | Villager (Male) |
| 19:57 | Crear | Villager (Male) |
| 20:02 | Construir | House |
| 20:23 | Construir | House |
| 20:25 | Crear | Militia |
| 20:26 | Crear | Militia |
| 20:26 | Crear | Militia |
| 20:53 | Crear | Militia |
| 20:59 | Crear | Battering Ram |
| 21:27 | Crear | Militia |
| 21:27 | Crear | Militia |
| 21:27 | Crear | Militia |
| 22:53 | Crear | Militia |
| 22:53 | Crear | Militia |
| 22:54 | Crear | Militia |
| 23:14 | Crear | Battering Ram |
| 23:32 | Construir | House |
| 23:33 | Construir | House |
| 23:34 | Construir | House |
| 24:21 | Crear | Battering Ram |
| 25:35 | Investigar | Wheelbarrow |
| 25:48 | Investigar | Castle Age |
| 25:48 | Investigar | Castle Age |
| 25:52 | Construir | Farm |
| 25:54 | Construir | Farm |
| 25:56 | Construir | Farm |
Build order — Fish
119 acciones detectadas en el replay
| 0:02 | Construir | House |
| 0:03 | Construir | House |
| 0:04 | Crear | Villager (Male) |
| 0:04 | Crear | Villager (Male) |
| 0:05 | Crear | Villager (Male) |
| 0:05 | Crear | Villager (Male) |
| 1:35 | Crear | Villager (Male) |
| 2:12 | Crear | Villager (Male) |
| 2:13 | Crear | Villager (Male) |
| 3:08 | Investigar | Loom |
| 3:21 | Crear | Villager (Male) |
| 3:37 | Construir | House |
| 3:57 | Crear | Villager (Male) |
| 4:01 | Crear | Villager (Male) |
| 4:02 | Crear | Villager (Male) |
| 4:02 | Crear | Villager (Male) |
| 4:15 | Construir | Lumber Camp |
| 4:20 | Crear | Villager (Male) |
| 4:20 | Crear | Villager (Male) |
| 5:02 | Crear | Villager (Male) |
| 5:02 | Crear | Villager (Male) |
| 5:06 | Construir | House |
| 5:34 | Construir | Mill |
| 6:14 | Crear | Villager (Male) |
| 6:14 | Crear | Villager (Male) |
| 6:49 | Crear | Villager (Male) |
| 6:56 | Crear | Villager (Male) |
| 6:56 | Crear | Villager (Male) |
| 7:01 | Construir | Mining Camp |
| 7:19 | Construir | Farm |
| 8:04 | Crear | Villager (Male) |
| 8:09 | Construir | House |
| 8:23 | Construir | Farm |
| 8:45 | Construir | Farm |
| 8:51 | Investigar | Feudal Age |
| 11:01 | Edad | Edad Feudal |
| 11:03 | Crear | Villager (Male) |
| 11:03 | Crear | Villager (Male) |
| 11:03 | Crear | Villager (Male) |
| 11:03 | Crear | Villager (Male) |
| 11:04 | Crear | Villager (Male) |
| 11:22 | Investigar | Double-Bit Axe |
| 11:31 | Construir | Farm |
| 12:20 | Construir | Farm |
| 12:46 | Construir | House |
| 12:57 | Investigar | Castle Age |
| 13:04 | Construir | Farm |
| 13:05 | Construir | Farm |
| 13:06 | Construir | Farm |
| 13:49 | Construir | Mining Camp |
| 14:03 | Construir | House |
| 15:13 | Construir | Market |
| 15:20 | Construir | House |
| 15:48 | Edad | Edad de los Castillos |
| 15:48 | Crear | Villager (Male) |
| 15:49 | Crear | Villager (Male) |
| 15:49 | Crear | Villager (Male) |
| 15:49 | Crear | Villager (Male) |
| 15:56 | Construir | Farm |
| 16:16 | Construir | Farm |
| 16:24 | Investigar | Horse Collar |
| 16:35 | Investigar | Bow Saw |
| 16:53 | Construir | Farm |
| 16:59 | Crear | Villager (Male) |
| 17:00 | Crear | Villager (Male) |
| 17:00 | Crear | Villager (Male) |
| 17:02 | Crear | Villager (Male) |
| 17:22 | Construir | Lumber Camp |
| 18:20 | Investigar | Wheelbarrow |
| 18:46 | Construir | Town Center |
| 19:59 | Construir | Siege Workshop |
| 20:06 | Construir | Farm |
| 20:06 | Construir | Farm |
| 20:07 | Construir | Farm |
| 20:21 | Crear | Villager (Male) |
| 20:22 | Crear | Villager (Male) |
| 20:22 | Crear | Villager (Male) |
| 20:22 | Crear | Villager (Male) |
| 20:35 | Construir | Farm |
| 20:44 | Construir | House |
| 20:45 | Construir | House |
| 20:46 | Construir | House |
| 20:47 | Construir | House |
| 20:47 | Construir | House |
| 20:54 | Crear | Villager (Male) |
| 20:54 | Crear | Villager (Male) |
| 20:54 | Crear | Villager (Male) |
| 21:07 | Crear | Battering Ram |
| 21:34 | Construir | Farm |
| 21:55 | Construir | Town Center |
| 22:00 | Investigar | Hand Cart |
| 22:38 | Crear | Villager (Male) |
| 22:39 | Crear | Villager (Male) |
| 22:39 | Crear | Villager (Male) |
| 22:48 | Construir | House |
| 23:38 | Crear | Villager (Male) |
| 23:39 | Crear | Villager (Male) |
| 23:39 | Crear | Villager (Male) |
| 23:39 | Crear | Villager (Male) |
| 23:40 | Crear | Villager (Male) |
| 23:40 | Crear | Villager (Male) |
| 23:46 | Construir | Monastery |
| 23:59 | Construir | House |
| 24:03 | Construir | Farm |
| 24:10 | Crear | Villager (Male) |
| 24:11 | Crear | Villager (Male) |
| 24:30 | Construir | Farm |
| 25:08 | Crear | Monk |
| 25:16 | Construir | Farm |
| 25:17 | Construir | Farm |
| 25:38 | Crear | Villager (Male) |
| 25:39 | Crear | Villager (Male) |
| 25:44 | Construir | Farm |
| 25:48 | Construir | Farm |
| 25:55 | Crear | Villager (Male) |
| 25:55 | Crear | Villager (Male) |
| 25:55 | Crear | Villager (Male) |
| 26:10 | Construir | Castle |
| 27:06 | Construir | Castle |
Build order — Monfoe
Primeras 150 de 165 acciones detectadas
| 0:00 | Crear | Villager (Male) |
| 0:01 | Crear | Villager (Male) |
| 0:01 | Crear | Villager (Male) |
| 0:01 | Crear | Villager (Male) |
| 0:03 | Construir | House |
| 0:04 | Construir | House |
| 1:30 | Crear | Villager (Male) |
| 1:30 | Crear | Villager (Male) |
| 2:27 | Crear | Villager (Male) |
| 2:27 | Crear | Villager (Male) |
| 2:42 | Crear | Villager (Male) |
| 3:01 | Construir | Lumber Camp |
| 3:03 | Crear | Villager (Male) |
| 3:56 | Crear | Villager (Male) |
| 3:57 | Crear | Villager (Male) |
| 4:01 | Construir | House |
| 4:03 | Construir | House |
| 4:35 | Crear | Villager (Male) |
| 4:36 | Crear | Villager (Male) |
| 4:55 | Crear | Villager (Male) |
| 4:56 | Crear | Villager (Male) |
| 5:07 | Construir | Mill |
| 5:25 | Crear | Villager (Male) |
| 5:25 | Crear | Villager (Male) |
| 5:52 | Crear | Villager (Male) |
| 6:05 | Crear | Villager (Male) |
| 6:09 | Crear | Villager (Male) |
| 6:10 | Crear | Villager (Male) |
| 6:27 | Crear | Villager (Male) |
| 7:08 | Crear | Villager (Male) |
| 7:08 | Crear | Villager (Male) |
| 7:20 | Construir | House |
| 7:52 | Crear | Villager (Male) |
| 7:52 | Crear | Villager (Male) |
| 8:22 | Crear | Villager (Male) |
| 8:36 | Construir | Mill |
| 8:39 | Crear | Villager (Male) |
| 8:41 | Crear | Villager (Male) |
| 9:27 | Construir | Mining Camp |
| 9:51 | Investigar | Feudal Age |
| 10:26 | Crear | Villager (Male) |
| 10:26 | Crear | Villager (Male) |
| 10:59 | Construir | House |
| 11:02 | Construir | House |
| 12:12 | Edad | Edad Feudal |
| 12:16 | Construir | Market |
| 12:20 | Construir | Blacksmith |
| 13:29 | Investigar | Castle Age |
| 13:29 | Investigar | Castle Age |
| 13:43 | Construir | Farm |
| 13:44 | Construir | Farm |
| 13:44 | Construir | Farm |
| 13:44 | Construir | Farm |
| 13:45 | Construir | Farm |
| 13:47 | Construir | Farm |
| 13:52 | Construir | Farm |
| 13:53 | Construir | Farm |
| 13:53 | Construir | Farm |
| 13:53 | Construir | Farm |
| 13:55 | Construir | Farm |
| 14:16 | Investigar | Double-Bit Axe |
| 14:22 | Investigar | Horse Collar |
| 15:29 | Investigar | Wheelbarrow |
| 16:09 | Edad | Edad de los Castillos |
| 16:15 | Construir | Town Center |
| 16:25 | Crear | Villager (Male) |
| 16:25 | Crear | Villager (Male) |
| 17:21 | Construir | Town Center |
| 17:25 | Crear | Villager (Male) |
| 17:26 | Crear | Villager (Male) |
| 17:26 | Crear | Villager (Male) |
| 17:26 | Crear | Villager (Male) |
| 17:30 | Crear | Villager (Male) |
| 18:14 | Construir | House |
| 18:16 | Construir | House |
| 18:17 | Construir | House |
| 18:18 | Construir | House |
| 18:27 | Crear | Trade Cart |
| 18:32 | Crear | Villager (Male) |
| 18:34 | Crear | Villager (Male) |
| 18:35 | Crear | Villager (Male) |
| 18:37 | Crear | Villager (Male) |
| 18:40 | Crear | Villager (Male) |
| 18:42 | Crear | Villager (Male) |
| 18:43 | Crear | Villager (Male) |
| 18:57 | Crear | Villager (Male) |
| 18:57 | Crear | Villager (Male) |
| 19:15 | Crear | Villager (Male) |
| 19:21 | Construir | Farm |
| 19:22 | Construir | Farm |
| 19:22 | Construir | Farm |
| 19:22 | Construir | Farm |
| 19:49 | Construir | Farm |
| 20:09 | Construir | Farm |
| 20:13 | Construir | Farm |
| 20:19 | Investigar | Hand Cart |
| 20:22 | Crear | Villager (Male) |
| 20:36 | Crear | Villager (Male) |
| 20:39 | Crear | Villager (Male) |
| 20:56 | Investigar | Heavy Plow |
| 21:01 | Investigar | Loom |
| 21:06 | Construir | Farm |
| 21:35 | Crear | Trade Cart |
| 21:54 | Crear | Villager (Male) |
| 21:54 | Crear | Villager (Male) |
| 21:54 | Crear | Villager (Male) |
| 21:55 | Crear | Villager (Male) |
| 21:55 | Crear | Villager (Male) |
| 21:55 | Crear | Villager (Male) |
| 21:56 | Crear | Villager (Male) |
| 21:57 | Crear | Villager (Male) |
| 21:57 | Crear | Villager (Male) |
| 22:04 | Crear | Villager (Male) |
| 22:12 | Construir | Farm |
| 22:13 | Construir | Farm |
| 22:13 | Construir | Farm |
| 22:13 | Construir | Farm |
| 22:14 | Construir | Farm |
| 22:15 | Construir | Farm |
| 22:18 | Construir | Farm |
| 22:24 | Crear | Villager (Male) |
| 22:25 | Crear | Villager (Male) |
| 22:44 | Construir | Monastery |
| 22:50 | Construir | Barracks |
| 23:29 | Crear | Monk |
| 23:54 | Investigar | Pikeman (upgrade) |
| 23:55 | Investigar | Squires |
| 23:55 | Investigar | Gambesons |
| 24:09 | Construir | Barracks |
| 24:13 | Construir | Barracks |
| 24:14 | Construir | Barracks |
| 24:29 | Crear | Spearman |
| 24:29 | Crear | Spearman |
| 24:43 | Construir | Archery Range |
| 24:47 | Construir | Archery Range |
| 24:49 | Construir | Archery Range |
| 24:52 | Investigar | Padded Archer Armor |
| 24:52 | Investigar | Forging |
| 24:53 | Investigar | Fletching |
| 25:00 | Construir | Mining Camp |
| 25:10 | Crear | Monk |
| 25:32 | Investigar | Thumb Ring |
| 25:32 | Investigar | Crossbowman (upgrade) |
| 25:43 | Investigar | Gold Mining |
| 25:43 | Investigar | Stone Mining |
| 25:52 | Crear | Villager (Male) |
| 25:52 | Crear | Villager (Male) |
| 25:53 | Crear | Villager (Male) |
| 25:53 | Crear | Villager (Male) |
| 25:53 | Crear | Villager (Male) |
Cronología de la partida
| 9:11 | Anker'Star · age_up feudal |
| 10:58 | ethanjohnson.kw · age_up feudal |
| 11:01 | Fish · age_up feudal |
| 11:48 | DrLegend · age_up feudal |
| 12:12 | Monfoe · age_up feudal |
| 12:32 | pdaniel87 · age_up feudal |
| 12:33 | Anker'Star · first_building Siege Workshop |
| 12:51 | ethanjohnson.kw · wall_segment Stone Wall x34 |
| 14:40 | Anker'Star · first_building Barracks |
| 14:59 | pdaniel87 · wall_segment Stone Wall x2 |
| 15:30 | ethanjohnson.kw · first_building Barracks |
| 15:48 | Fish · age_up castle |
| 16:09 | Monfoe · age_up castle |
| 16:52 | DrLegend · first_building Barracks |
| 17:21 | ethanjohnson.kw · first_building Stable |
| 17:22 | pdaniel87 · wall_segment Stone Wall x2 |
| 18:06 | pdaniel87 · first_building Barracks |
| 18:27 | pdaniel87 · wall_segment Stone Wall x2 |
| 18:52 | DrLegend · first_building Archery Range |
| 19:59 | Fish · first_building Siege Workshop |
| 20:28 | DrLegend · first_building Stable |
| 20:29 | Monfoe · first_market_sell 100 wood |
| 21:04 | ethanjohnson.kw · age_up castle |
| 21:17 | DrLegend · first_market_sell 100 wood |
| 21:40 | ethanjohnson.kw · first_building Archery Range |
| 22:10 | pdaniel87 · age_up castle |
| 22:44 | Monfoe · first_building Monastery |
| 22:50 | Monfoe · first_building Barracks |
| 23:46 | Fish · first_building Monastery |
| 23:56 | ethanjohnson.kw · wall_segment Stone Wall x17 |
| 24:03 | pdaniel87 · first_building Castle |
| 24:11 | DrLegend · age_up castle |
| 24:43 | Monfoe · first_building Archery Range |
| 26:01 | DrLegend · first_building Monastery |
| 26:10 | Fish · first_building Castle |
| 26:37 | pdaniel87 · first_building Siege Workshop |
| 26:52 | ethanjohnson.kw · first_building Siege Workshop |
| 27:05 | Monfoe · resign |
| 27:11 | pdaniel87 · first_building Monastery |
[ ANÁLISIS IA · 1 CRÉDITO ]
¿Qué pasó realmente en esta partida?
Wolo.gg analiza cada decisión: build order, eco, micro, errores típicos por bracket. Análisis personalizado por WhatsApp o Discord en 30 segundos.
Guía civ
Wei
Guía mapa
Arena
Perfil
DrLegend